 Dungeon Crawl Stone Soup version 0.13.0-18-g7b03ea5 (webtiles) character file.

234 Lilouch the Cudgeler (level 4, -3/28 HPs)
             Began as a Gargoyle Fighter on Oct 22, 2013.
             Killed by divine providence
             ... invoked by an orc priest
              (12 damage)
             ... on Level 4 of the Dungeon.
             The game lasted 00:04:20 (1525 turns).

Lilouch the Cudgeler (Gargoyle Fighter)             Turns: 1525, Time: 00:04:20

HP  -3/28        AC 18     Str 21      XL: 4   Next: 96%
MP   3/3         EV  3     Int  8      God:
Gold 121         SH 18     Dex  9      Spells:  0 memorised,  3 levels left

Res.Fire  : . . .   See Invis. : .   a - +0 mace
Res.Cold  : . . .   Warding    : .   q - +2 plate armour
Life Prot.: + . .   Conserve   : .   c - +0 shield
Res.Poison: +       Res.Corr.  : .   r - +0 winged helmet
Res.Elec. : +       Clarity    : .   (no cloak)
Sust.Abil.: . .     Spirit.Shd : .   (no gloves)
Res.Mut.  : .       Stasis     : .   (no boots)
Res.Rott. : +       Flight     : .   (no amulet)
Saprovore : . . .                    (no ring)
                                     (no ring)

@: slightly resistant to hostile enchantments, extremely unstealthy
A: fangs 1, talons 2, life protection 1, electricity resistance, slow metabolism
1, unbreathing, petrification resistance, AC +3
a: no special abilities


You were on level 4 of the Dungeon.
You were hungry.

You visited 1 branch of the dungeon, and saw 4 of its levels.

You collected 101 gold pieces.

Inventory:

Hand weapons
 a - a +0,+0 mace (weapon)
Armour
 c - a +0 shield (worn)
 q - a +2 plate armour (worn)
 r - a +0 winged helmet (worn)
Comestibles
 d - 2 bread rations
 f - a meat ration
 l - a pear
Scrolls
 b - a scroll of remove curse {unknown}
 h - a scroll of blinking {unknown}
 k - 5 scrolls of identify {unknown}
 o - a scroll of curse jewellery {unknown}
 p - 2 scrolls of teleportation {unknown}
Potions
 e - a potion of restore abilities {unknown}
 g - 3 potions of curing {unknown}
 i - 2 potions of paralysis {unknown}
 j - a potion of brilliance {unknown}
 m - a potion of speed {unknown}
Miscellaneous
 n - a plain deck of destruction


   Skills:
 - Level 3.2 Fighting
 * Level 4.5 Maces & Flails
 + Level 4.3 Armour
 - Level 3.2 Shields


You had 3 spell levels left.
You didn't know any spells.

Dungeon Overview and Level Annotations

Branches:
Dungeon (4/27)
 Temple: D:4-7

Altars:
Fedhas
Nemelex Xobeh


Innate Abilities, Weirdness & Mutations

You are resistant to torment.
You are immune to poison.
Your stone body is very resilient (AC +3).
You have very sharp teeth.
You have razor-sharp toenails.
You resist negative energy.
You are resistant to electric shocks.
You have a slow metabolism.
You can survive without breathing.
You are immune to petrification.


Message History

You block the orc priest's attack.
You hit the orc priest but do no damage.
You claw the orc priest.
You kill the orc priest!
You block the orc's attack. The orc completely misses you.
The orc priest calls down the wrath of Beogh upon you.
Something smites you! The orc hits you but does no damage.
You hit the orc priest. You claw the orc priest.
The orc priest is lightly wounded.
You block the orc's attack. The orc hits you but does no damage.
The orc priest hits you but does no damage.
The orc hits you.
* * * LOW HITPOINT WARNING * * *
You sock the orc priest!
The orc priest is heavily wounded.
The orc hits you but does no damage.
The orc priest invokes the aid of Beogh against you.
Something smites you!
You die...

... ......#
.......#
........#
#........#
#........#
#........#
#.(...ooo#
#.....o@[#
#........#
#......).#
##........#
#.........#
#.#.#..)..#
#.........#
#.#.#.....#
#.........#


You could see an orc priest and 3 orcs.

Vanquished Creatures
  An orc priest (D:4)
  4 adders (D:2)
  4 giant geckos
  2 giant cockroaches (D:2)
  3 goblins
  7 hobgoblins
  2 jackals (D:2)
  5 kobolds
  6 bats
  3 rats
37 creatures vanquished.

Notes
Turn   | Place    | Note
--------------------------------------------------------------
     0 | D:1      | Lilouch, the Gargoyle Fighter, began the quest for the Orb.
     0 | D:1      | Reached XP level 1. HP: 14/14 MP: 0/0
   467 | D:1      | Reached XP level 2. HP: 19/19 MP: 1/1
   713 | D:2      | Reached XP level 3. HP: 7/24 MP: 2/2
   937 | D:2      | Found a sparkling altar of Nemelex Xobeh.
  1165 | D:2      | Reached skill level 4 in Armour
  1169 | D:2      | Found a blossoming altar of Fedhas.
  1174 | D:2      | Reached XP level 4. HP: 22/28 MP: 3/3
  1525 | D:4      | Killed from afar by an orc priest

Action                   |  1- 3 |  4- 6 || total
-------------------------+-------+-------++-------
Melee: Mace              |    89 |    40 ||   129
